 Dungeon Crawl Stone Soup version 0.29-a0-341-g24ffce5b50 (webtiles) character file.

Game seed: 7906609592825870367

98 enile the Conjurer (level 4, -2/26 HPs)
             Began as a Tengu Conjurer on Apr 21, 2022.
             Was an Initiate of Gozag.
             Slain by Pargi (3 damage)
             ... on level 2 of the Dungeon.
             The game lasted 00:03:51 (2412 turns).

enile the Conjurer (Tengu Conjurer)                 Turns: 2412, Time: 00:03:52

Health: -2/26      AC: 10    Str:  7    XL:     4   Next: 71%
Magic:  10/10      EV: 12    Int: 20    God:    Gozag
Gold:   115        SH:  0    Dex: 13    Spells: 6/9 levels left

rFire   . . .      SeeInvis .   k - +0 mace (protect)
rCold   . . .      Faith    .   (no shield)
rNeg    . . .      Spirit   .   a - +1 robe
rPois   .          Reflect  .   (helmet restricted)
rElec   .          Harm     .   (no cloak)
rCorr   .          Rampage  .   (no gloves)
Will    .....                   (boots unavailable)
Stlth   ++........              (no amulet)
HPRegen 0.08/turn               (no ring)
MPRegen 0.12/turn               (no ring)

@: mighty, brilliant, under a protective aura, attractive
A: beak, talons 3
a: Renounce Religion, Potion Petition, Call Merchant, Bribe Branch


You were on level 2 of the Dungeon.
You worshipped Gozag.
Gozag was aware of your devotion.
You visited 1 branch of the dungeon, and saw 3 of its levels.

You collected 115 gold pieces.

Inventory:

Hand Weapons
 j - a +1 dagger
 k - a +0 mace of protection (weapon)
Armour
 a - a +1 robe (worn)
Scrolls
 e - a scroll of enchant weapon
Potions
 b - a potion of magic
 n - a potion of might


   Skills:
 - Level 2.0 Fighting
 - Level 2.1 Dodging
 - Level 3.0 Stealth
 + Level 3.4 Spellcasting
 - Level 5.3 Conjurations


You had 6 spell levels left.
You knew the following spells:

 Your Spells              Type           Power      Damage    Failure   Level
a - Magic Dart            Conj           100%       1d8       1%          1
b - Searing Ray           Conj           72%        2d7       2%          2

Your spell library contained the following spells:

 Spells                   Type           Power      Damage    Failure   Level
 Sandblast                Erth           10%        2d5       14%         1
 Dazzling Flash           Conj/Hex       42%        N/A       14%         3
 Stone Arrow              Conj/Erth      42%        3d9       14%         3
 Corpse Rot               Necr/Air       10%        N/A       21%         2
 Passwall                 Tmut/Erth      4%         N/A       21%         2
 Poisonous Vapours        Pois/Air       10%        N/A       21%         2
 Fulminant Prism          Conj/Hex       10%        3d9       41%         4
 Iskenderun's Mystic Bla  Conj/Tloc      21%        2d6       41%         4
 Animate Armour           Summ/Erth      10%        N/A       80%         4
 Lehudib's Crystal Spear  Conj/Erth      10%        10d4      100%        8


Dungeon Overview and Level Annotations

Branches:
Dungeon (3/15)

Altars:
Elyvilon
Fedhas
Gozag

Annotations:
D:2 Pargi


Innate Abilities, Weirdness & Mutations

You have a beak for a mouth.
You have claws for feet.


Message History

You feel a surge of power!
The searing ray misses Pargi. (Press . to maintain the ray.) Pargi bites you.
Pargi claws you.
* * * LOW HITPOINT WARNING * * *
Pargi barely misses you. Pargi attacks as you move away! Pargi bites you.
* * * LOW HITPOINT WARNING * * *
Pargi closely misses you. Pargi claws you but does no damage.
Pargi looks around nervously.
Pargi attacks as you move away! Pargi barely misses you.
Pargi closely misses you. Pargi claws you but does no damage.
There is a stone staircase leading up here.
You can't go down here!
Pargi hisses menacingly.
Pargi bites you.
* * * LOW HITPOINT WARNING * * *
Pargi claws you.
* * * LOW HITPOINT WARNING * * *
Pargi claws you but does no damage.
You climb upwards.
There is a stone staircase leading down here.
Okay, then.
Okay, then.
You aren't carrying any items that you can evoke.
Pargi attacks as you move away! Pargi closely misses you.
Pargi claws you but does no damage. x2
Okay, then.
You aren't carrying any items that you can evoke.
There's nothing to close nearby.
Your +0 mace of protection hums with potential!
k - a +0 mace of protection (weapon)
You thump Pargi!
Your weapon exudes an aura of protection.
Pargi is moderately wounded.
Pargi bites you but does no damage. Pargi claws you but does no damage. x2
You sock Pargi! Your kick misses Pargi. You peck Pargi.
Pargi is severely wounded.
Pargi bites you but does no damage. Pargi claws you.
You die...
Your body crumbles into a pile of gold.

####.#........###......
##.###......##....#.. #####
#..###..##........#.. #...#
##.##...<.......#..#..
#...######.....#........##.....
#.............##.....)#.##..#.#
#....######.####........##..#>#
#...####....##..........##..#..
#...........>T@.....#....#..###
#...................##.......##
#..........##............#.#...
#.......#.........#............
####.>...).....................
##.....#..#######....#..#....
##.....#..............#..###..
#........#########....#..###.#
#.......## #........##.#


You could see Pargi.

Vanquished Creatures
  An iguana (D:3)
  2 adders (D:2)
  A worm (D:2)
  4 dart slugs
  5 ball pythons
  3 endoplasms
  2 giant cockroaches (D:2)
  4 goblins
  4 hobgoblins
  2 jackals (D:2)
  3 quokkas
  A bat (D:1)
  3 frilled lizards (D:1)
  4 kobolds (D:1)
  4 rats
43 creatures vanquished.

Notes
Turn   | Place    | Note
-------+----------+-------------------------------------------
     0 | D:1      | enile the Tengu Conjurer began the quest for the Orb.
     0 | D:1      | Reached XP level 1. HP: 10/10 MP: 4/4
   135 | D:1      | Reached skill level 1 in Fighting
   240 | D:1      | Reached XP level 2. HP: 17/17 MP: 0/6
   704 | D:1      | Reached XP level 3. HP: 21/21 MP: 3/7
  1209 | D:2      | Learned a level 2 spell: Searing Ray
  1519 | D:2      | Reached XP level 4. HP: 13/26 MP: 3/9
  1824 | D:2      | Found a faded altar of an unknown god.
  2036 | D:2      | Prayed at the altar of an unknown god.
  2036 | D:2      | Became a worshipper of Gozag Ym Sagoz the Greedy
  2075 | D:3      | Found a blossoming altar of Fedhas.
  2075 | D:3      | Found a white marble altar of Elyvilon.
  2379 | D:3      | Noticed Pargi
  2406 | D:3      | HP: 1/26 [Pargi (1)]
  2412 | D:2      | Slain by Pargi

Illustrated notes

Levels and vault maps discovered:
D:1:      spicycebolla_arrival_xxxplode, layout_loops_ring
D:2:      layout_rooms, hellmonk_ecumenical_altar_blasted
D:3:      layout_loops_ring, nicolae_ru_path_of_blood,
          mainiacjoe_overflow_large_starburst, cheibrodos_sewer_entry_drain,
          minivault_5, uniq_pargi

Skill      XL: |  1  2  3  4 |
---------------+-------------+-----
Fighting       | 1 2 |  2.0
Spellcasting   | 3 |  3.4
Stealth        | 3 |  3.0
Dodging        | |  2.1
Conjurations   | |  5.3

Action                   |  1- 3 |  4- 6 || total
-------------------------+-------+-------++-------
Melee: Unarmed           |     5 |       ||     5
       Peck              |     3 |     1 ||     4
       Kick              |     1 |     1 ||     2
       Dagger            |       |     6 ||     6
       Mace              |       |     2 ||     2
 Cast: Magic Dart        |    75 |    15 ||    90
       Searing Ray       |       |     3 ||     3
  Use: Potion            |       |     6 ||     6
       Scroll            |       |     4 ||     4
Armor: Robe              |       |    18 ||    18
Dodge: Dodged            |     7 |    17 ||    24

Table legend: (Time is in decaauts)
 A = Elapsed time spent in this place.
 B = Non-inter-level travel time spent in this place.
 C = Inter-level travel time spent in this place.
 D = Time resting spent in this place.
 E = Time spent auto-exploring this place.
 F = Levels seen in this place.
 G = Mean time per level.
                   A        B        C        D        E       F      G
               +--------+--------+--------+--------+--------+-----+--------+
         Total |   2411 |   2263 |    148 |      0 |   1993 |   3 |  803.7 |
       Dungeon |   2411 |   2263 |    148 |      0 |   1993 |   3 |  803.7 |
               +--------+--------+--------+--------+--------+-----+--------+

Top non-repeatable levels by time:
     D:1: 1064 daAuts
     D:2: 1010 daAuts
     D:3: 336 daAuts
